 Dungeon Crawl Stone Soup version 0.31-a0-161-gb58dd9be76 (webtiles) character file.

Game seed: 16209633452083652321

388 qw the Shooter (level 6, -1/57 HPs)
             Began as a Naga Hunter on June 12, 2023.
             Was an Initiate of Okawaru.
             Slain by an orc
             ... wielding a +0 whip
              (2 damage)
             ... on level 5 of the Dungeon.
             The game lasted 00:01:07 (2975 turns).

qw the Shooter (Naga Hunter)                        Turns: 2975, Time: 00:01:07

Health: -1/57      AC:  4    Str: 14    XL:     6   Next: 79%
Magic:  6/6        EV:  9    Int:  9    God:    Okawaru [......]
Gold:   172        SH:  0    Dex: 16    Spells: 5/5 levels left

rFire   . . .        Y - +0 shortbow
rCold   . . .        (shield currently unavailable)
rNeg    . . .        c - +0 leather armour
rPois   +            (no helmet)
rElec   .            (no cloak)
rCorr   .            d - +0 pair of gloves
SInv    +            (no barding)
Will    .....        (no amulet)
Stlth   +            (no ring)
HPRegen 0.29/turn    (no ring)
MPRegen 0.10/turn

%: no passive effects
@: confused, very slow
A: AC +2, large, see invisible, deformed body, poison resistance, slowness 2,
spit poison 1, naga tail 1
a: Spit Poison, Renounce Religion


You were on level 5 of the Dungeon.
You worshipped Okawaru.
Okawaru was noncommittal.
You visited 2 branches of the dungeon, and saw 7 of its levels.

You collected 172 gold pieces.


Innate Abilities, Weirdness & Mutations

Your serpentine skin is tough. (AC +2)
You have supernaturally acute eyesight. (SInv)
Armour fits poorly on your strangely shaped body.
Your system is resistant to poisons. (rPois)
You cover ground very slowly.
You can spit poison.
You have a snake-like lower body.


   Skills:
 - Level 4.1 Fighting
 + Level 6.3 Ranged Weapons
 - Level 1.5 Dodging
 - Level 1.5 Stealth


You had 5 spell levels left.
You didn't know any spells.
Your spell library was empty.

Inventory:

Hand Weapons
 Y - a +0 shortbow (weapon)
Armour
 c - a +0 leather armour (worn)
 d - a +0 pair of gloves (worn)
Jewellery
 b - a ring of fire
Scrolls
 a - a scroll of identify
 g - 2 scrolls of teleportation
Potions
 e - a potion of resistance
 f - a potion of haste
 h - a potion of ambrosia {unknown}
 i - a potion of enlightenment {unknown}

Dungeon Overview and Level Annotations

Branches:
Dungeon (6/15)             Temple (1/1) D:6

Altars:
Elyvilon
Gozag
Makhleb
Nemelex Xobeh
Okawaru
Ru
Vehumet
Wu Jian
Xom
Yredelemnul
Zin
The Shining One


Message History

The ufetubus hits you but does no damage.
The ufetubus closely misses you.
The orc wizard gestures at you while chanting.
The magic dart hits you! The orc priest barely misses you.
The orc hits you but does no damage.
The orc wizard gestures at you while chanting.
You are confused.
The ufetubus hits you. The ufetubus barely misses you.
2972 ||| DRINKING potion of heal wounds.
You feel much better.
You feel sick.
The orc wizard gestures at you while chanting.
The puff of flame hits you!
The orc priest hits you with a +0 hand axe.
The orc wizard points at you and mumbles some strange words.
The magic dart hits you. The ufetubus barely misses you.
The ufetubus closely misses you.
You feel sick.
The ufetubus hits you but does no damage. x2
The orc wizard gestures at you while chanting.
The puff of flame misses you. The orc wizard barely misses you.
The orc priest barely misses you. The ufetubus closely misses you.
The ufetubus hits you.
You feel sick.
The orc wizard gestures at you while chanting.
You are more confused.
The orc priest hits you with a +0 hand axe.
The orc wizard hits you with a +0 dagger.
The orc hits you but does no damage.
The ufetubus hits you but does no damage.
The ufetubus hits you.
You feel sick.
You are no longer poisoned.
The ufetubus hits you but does no damage.
The ufetubus hits you.
The orc wizard hits you with a +0 dagger.
The orc priest calls upon Beogh to heal the orc wizard.
The orc wizard's wounds heal themselves!
The orc wizard closely misses you. The orc hits you with a +0 whip.
You die...

..# ..#
###..####
#........
#........
#........
#oo......
#@oo.....
#5o......
#.(......
#........
..##.####
..# .#
..# #
#..#


You could see an orc priest, 2 orc wizards, 2 orcs and an ufetubus.

Vanquished Creatures
  A centaur (D:6)
  A scorpion (D:5)
  A howler monkey (D:6)
  Terence (D:3)
  Natasha (twice) (D:3)
  2 adders
  A shadow imp (D:6)
  A white imp (D:6)
  An ufetubus (D:6)
  2 worms
  7 orcs
  4 ball pythons
  3 bats
  5 endoplasms
  5 giant cockroaches
  7 goblins
  7 hobgoblins
  3 jackals (D:3)
  4 quokkas
  7 frilled lizards
  4 kobolds
  23 rats
92 creatures vanquished.

Notes
Turn   | Place    | Note
-------+----------+-------------------------------------------
     0 | D:1      | qw the Naga Hunter began the quest for the Orb.
     0 | D:1      | Reached XP level 1. HP: 19/19 MP: 1/1
     0 | D:1      | 0 ||| qw: Version: 0.2-a-29-gc1b59c4
     0 | D:1      | 0 ||| qw: Game counter: 4262
     0 | D:1      | 0 ||| qw: Always use a shield: true
     0 | D:1      | 0 ||| qw: God list: Okawaru
     0 | D:1      | 0 ||| qw: Allow faded altars: false
     0 | D:1      | 0 ||| qw: Do Orc after D:15 true
     0 | D:1      | 0 ||| qw: Do second Lair branch before Depths: true
     0 | D:1      | 0 ||| qw: Lair rune preference: random
     0 | D:1      | 0 ||| qw: Plans: Normal
     0 | D:1      | 0 ||| PLANNING D:1-11
    22 | D:1      | 22 ||| INVOKING Spit Poison.
    58 | D:1      | 58 ||| INVOKING Spit Poison.
    59 | D:1      | 59 ||| INVOKING Spit Poison.
   140 | D:1      | 140 ||| INVOKING Spit Poison.
   141 | D:1      | Reached skill level 4 in Ranged Weapons
   141 | D:1      | Reached XP level 2. HP: 26/26 MP: 2/2
   222 | D:1      | 222 ||| INVOKING Spit Poison.
   226 | D:1      | 226 ||| INVOKING Spit Poison.
   232 | D:1      | 232 ||| INVOKING Spit Poison.
   330 | D:1      | 330 ||| INVOKING Spit Poison.
   344 | D:1      | 344 ||| INVOKING Spit Poison.
   349 | D:1      | 349 ||| INVOKING Spit Poison.
   374 | D:1      | 374 ||| INVOKING Spit Poison.
   440 | D:1      | 440 ||| INVOKING Spit Poison.
   527 | D:1      | 527 ||| INVOKING Spit Poison.
   624 | D:1      | 624 ||| INVOKING Spit Poison.
   632 | D:1      | 632 ||| INVOKING Spit Poison.
   634 | D:1      | Reached XP level 3. HP: 32/32 MP: 3/3
   777 | D:1      | 777 ||| UPGRADING to +0 pair of gloves.
   782 | D:1      | 782 ||| READING scroll labelled YLUGOMOESE.
   783 | D:1      | 783 ||| READING 2 scrolls labelled UMIZ YCUSATET.
   786 | D:1      | 786 ||| READING scroll labelled LIGAYTAMIUSM.
   787 | D:1      | 787 ||| DROPPING scroll of butterflies.
   827 | D:2      | 827 ||| INVOKING Spit Poison.
   849 | D:2      | 849 ||| INVOKING Spit Poison.
   875 | D:2      | 875 ||| INVOKING Spit Poison.
   890 | D:2      | 890 ||| INVOKING Spit Poison.
   977 | D:2      | 977 ||| INVOKING Spit Poison.
   981 | D:2      | 981 ||| INVOKING Spit Poison.
  1091 | D:2      | 1091 ||| INVOKING Spit Poison.
  1095 | D:2      | 1095 ||| INVOKING Spit Poison.
  1103 | D:2      | 1103 ||| INVOKING Spit Poison.
  1107 | D:2      | 1107 ||| INVOKING Spit Poison.
  1110 | D:2      | 1110 ||| INVOKING Spit Poison.
  1114 | D:2      | 1114 ||| INVOKING Spit Poison.
  1119 | D:2      | 1119 ||| INVOKING Spit Poison.
  1188 | D:2      | 1188 ||| INVOKING Spit Poison.
  1194 | D:2      | 1194 ||| Stepping ~*~*~tactically~*~*~ (outnumbered).
  1195 | D:2      | 1195 ||| INVOKING Spit Poison.
  1198 | D:2      | Reached skill level 5 in Ranged Weapons
  1198 | D:2      | Reached XP level 4. HP: 33/39 MP: 4/4
  1201 | D:2      | 1201 ||| INVOKING Spit Poison.
  1251 | D:2      | 1251 ||| INVOKING Spit Poison.
  1291 | D:2      | 1291 ||| INVOKING Spit Poison.
  1310 | D:2      | 1310 ||| INVOKING Spit Poison.
  1372 | D:2      | 1372 ||| INVOKING Spit Poison.
  1373 | D:2      | 1373 ||| INVOKING Spit Poison.
  1412 | D:2      | 1412 ||| INVOKING Spit Poison.
  1620 | D:2      | 1620 ||| INVOKING Spit Poison.
  1685 | D:2      | 1685 ||| READING scroll labelled HOOBRI CONT.
  1686 | D:2      | 1686 ||| READING 3 scrolls labelled LUCHUR YNIXTAO.
  1687 | D:2      | 1687 ||| DROPPING 2 scrolls of fear.
  1870 | D:3      | 1870 ||| INVOKING Spit Poison.
  1875 | D:3      | 1875 ||| INVOKING Spit Poison.
  1879 | D:3      | 1879 ||| INVOKING Spit Poison.
  1885 | D:3      | 1885 ||| INVOKING Spit Poison.
  1889 | D:3      | 1889 ||| INVOKING Spit Poison.
  1937 | D:3      | Noticed Terence
  1938 | D:3      | 1938 ||| INVOKING Spit Poison.
  1943 | D:3      | 1943 ||| INVOKING Spit Poison.
  1945 | D:3      | Killed Terence
  1946 | D:3      | Reached skill level 3 in Fighting
  1946 | D:3      | Reached XP level 5. HP: 36/49 MP: 5/5
  1997 | D:3      | 1997 ||| INVOKING Spit Poison.
  2000 | D:3      | 2000 ||| INVOKING Spit Poison.
  2012 | D:3      | Noticed Natasha
  2014 | D:3      | 2014 ||| INVOKING Spit Poison.
  2017 | D:3      | Killed Natasha
  2038 | D:3      | 2038 ||| INVOKING Spit Poison.
  2257 | D:3      | Noticed Natasha
  2258 | D:3      | 2258 ||| INVOKING Spit Poison.
  2263 | D:3      | 2263 ||| INVOKING Spit Poison.
  2264 | D:3      | Killed Natasha
  2317 | D:3      | 2317 ||| READING scroll labelled KYAM NATURGHOS.
  2318 | D:3      | 2318 ||| READING scroll labelled ECRAJY IV SYNESU.
  2355 | D:4      | 2355 ||| INVOKING Spit Poison.
  2358 | D:4      | 2358 ||| INVOKING Spit Poison.
  2372 | D:4      | 2372 ||| INVOKING Spit Poison.
  2378 | D:4      | 2378 ||| INVOKING Spit Poison.
  2438 | D:4      | You fall into a shaft and drop 2 floors!
  2466 | D:6      | 2466 ||| INVOKING Spit Poison.
  2479 | D:6      | 2479 ||| INVOKING Spit Poison.
  2482 | D:6      | Reached XP level 6. HP: 30/56 MP: 6/6
  2639 | D:6      | 2639 ||| INVOKING Spit Poison.
  2640 | D:6      | Reached skill level 6 in Ranged Weapons
  2679 | D:6      | Found a staircase to the Ecumenical Temple.
  2680 | D:6      | 2680 ||| PLANNING TEMPLE
  2680 | D:6      | 2680 ||| DRINKING 2 murky pink potions.
  2681 | D:6      | 2681 ||| DRINKING 2 coppery potions.
  2684 | D:6      | 2684 ||| INVOKING Spit Poison.
  2695 | Temple   | Entered the Ecumenical Temple
  2772 | Temple   | 2772 ||| PLANNING OKAWARU WORSHIP
  2886 | Temple   | Became a worshipper of Warmaster Okawaru
  2886 | Temple   | 2886 ||| PLANNING D:1-11
  2909 | D:6      | 2909 ||| INVOKING Spit Poison.
  2954 | D:6      | 2954 ||| READING 2 scrolls of identify.
  2954 | D:6      | 2954 ||| IDENTIFYING fizzy green potion
  2963 | D:5      | Entered Level 5 of the Dungeon
  2964 | D:5      | 2964 ||| INVOKING Spit Poison.
  2969 | D:5      | 2969 ||| INVOKING Spit Poison.
  2971 | D:5      | HP: 10/57 [orc wizard/magic dart (7)]
  2972 | D:5      | 2972 ||| DRINKING potion of heal wounds.
  2975 | D:5      | HP: 4/57 [ufetubus (2)]
  2975 | D:5      | HP: 1/57 [orc wizard/+0 dagger (3)]
  2975 | D:5      | Slain by an orc

Levels and vault maps discovered:
D:1:      eino_arrival_tree_alley, layout_loops_corners
D:2:      layout_basic, minmay_rat_hole
D:3:      layout_rooms, minmay_ruptured, uniq_natasha, uniq_terence
D:4:      layout_loops_ring, overflow_temple_1_default, led_sif_pool, tgw_fedhas
D:5:      layout_rooms, minmay_a_box_with_orc_wizards_in_it
D:6:      layout_loops_ring, trog_wizard, minmay_temple_entry_stoned_glass,
          nicolae_ea-nasir_strikes_again, corner_web_ring, minmay_between
Temple:   nicolae_temple_bog_church

Skill      XL: |  1  2  3  4  5  6 |
---------------+-------------------+-----
Ranged Weapons | 4 5 6 |  6.3
Fighting       | 3 4 |  4.1
Dodging        | |  1.5
Stealth        | |  1.5

Action                     |  1- 3 |  4- 6 || total
---------------------------+-------+-------++-------
   Fire: Shortbow          |    81 |    97 ||   178
Ability: Spit Poison       |    29 |    31 ||    60
    Use: Scroll            |     3 |     5 ||     8
         Potion            |       |     3 ||     3
 Armour: Leather armour    |    14 |    21 ||    35
  Dodge: Dodged            |    17 |    30 ||    47

Table legend:
 A = Non-vault XP
 B = Vault XP
 C = Vault XP percentage of total XP
 D = Non-vault monster count
 E = Vault monster count
 F = Vault count percentage of total count
                 A         B        C        D         E       F
            +---------+---------+-------+---------+---------+-------
      Total |     457 |      98 |  17.7 |      68 |      24 |  26.1
            +---------+---------+-------+---------+---------+-------
        D:1 |      37 |       0 |   0.0 |      22 |       0 |   0.0
        D:2 |      42 |      20 |  32.3 |      18 |      19 |  51.4
        D:3 |      72 |      78 |  52.0 |      18 |       5 |  21.7
        D:4 |       7 |       0 |   0.0 |       2 |       0 |   0.0
        D:5 |      87 |       0 |   0.0 |       1 |       0 |   0.0
        D:6 |     212 |       0 |   0.0 |       7 |       0 |   0.0
            +---------+---------+-------+---------+---------+-------
